 Dungeon Crawl Stone Soup version 0.31.0-11-ge490571c62 (webtiles) character file.

Game seed: 2996167324700198834

2426 qw the Skirmisher (level 9, 0/42 (44) HPs)
             Began as a Spriggan Hunter on Feb 4, 2024.
             Was a Priest of Okawaru.
             Slain by a wight
             ... wielding a +3 spear
              (2 damage)
             ... on level 7 of the Dungeon.
             The game lasted 00:00:29 (5741 turns).

qw the Skirmisher (Spriggan Hunter)                 Turns: 5741, Time: 00:00:30

HP:   0/42 (44)     AC:  5    Str:  7    XL:     9   Next: 24%
MP:   13/13         EV: 24    Int: 11    God:    Okawaru [***...]
Gold: 395           SH:  0    Dex: 22    Spells: 8/8 levels left

rFire   . . .        a - +2 shortbow
rCold   . . .        (shield currently unavailable)
rNeg    . . .        c - +0 troll leather armour {Pargi}
rPois   .            h - +2 hat
rElec   .            (no cloak)
rCorr   .            (gloves unavailable)
SInv    +            (boots unavailable)
Will    +....        (no amulet)
Stlth   ++           (no ring)
HPRegen 1.07/turn    (no ring)
MPRegen 0.13/turn

%: no passive effects
@: about to teleport, lightly drained, very quick
A: very small, no large weapons, unfitting armour, see invisible, speed 3
a: Renounce Religion, Heroism


You were on level 7 of the Dungeon.
You worshipped Okawaru.
Okawaru was most pleased with you.
You visited 2 branches of the dungeon, and saw 8 of its levels.
You also visited: Sewer.

You collected 395 gold pieces.


Innate Abilities, Weirdness & Mutations

You are very small and have problems with some larger weapons.
You are too small for most types of armour.
You have supernaturally acute eyesight. (SInv)
You cover ground extremely quickly. (Speed+++)


   Skills:
 - Level 3.0 Fighting
 - Level 10.0 Ranged Weapons
 + Level 9.1 Dodging
 - Level 1.5 Stealth
 - Level 4.0 Invocations


You had 8 spell levels left.
You didn't know any spells.
Your spell library was empty.

Inventory:

Hand Weapons
 a - a +2 shortbow (weapon)
Armour
 c - a +0 troll leather armour (worn) {Pargi}
 h - a +2 hat (worn)
Wands
 f - a wand of charming (7)
Scrolls
 i - 3 scrolls of identify
 n - a scroll of teleportation
Potions
 b - a potion of berserk rage {unknown}
 d - a potion of resistance {unknown}
 e - 2 potions of might
 g - a potion of mutation
 j - 5 potions of curing
 k - a potion of lignification {unknown}

Dungeon Overview and Level Annotations

Branches:
Dungeon (7/15)             Temple (1/1) D:4           Sewer (visited)

Altars:
Ashenzari
Cheibriados
Dithmenos
Elyvilon
Fedhas
Gozag
Hepliaklqana
Kikubaaqudgha
Makhleb
Okawaru
Qazlal
Ru
Uskayaw
Vehumet
Wu Jian
Xom
Yredelemnul
The Shining One

Shops:
D:2 (


Message History

The arrow hits the wight but does no damage.
The wight is heavily damaged.
The wight completely misses you. x2
You shoot an arrow. The arrow hits the wight!
You destroy the wight!
Okawaru accepts your kill. The wight closely misses you.
Your life force feels restored.
You shoot an arrow.
The arrow hits the wight but does no damage.
The wight closely misses you. The wight completely misses you.
You shoot an arrow. The arrow hits the wight.
The wight is moderately damaged.
The wight hits you from afar with a +3 spear!
The wight misses you.
You shoot an arrow. The arrow hits the wight.
The wight is heavily damaged.
The wight hits you from afar with a +3 spear.
The wight completely misses you.
You shoot an arrow. The arrow hits the wight.
The wight is severely damaged.
The wight barely misses you. The wight hits you with a +3 war axe!
You shoot an arrow. The arrow hits the wight.
The wight is severely damaged.
The wight closely misses you. The wight misses you.
You shoot an arrow. The arrow barely misses the wight.
The wight completely misses you. The wight hits you with a +3 war axe.
You feel drained.
You shoot an arrow. The arrow hits the wight!
You destroy the wight!
Okawaru accepts your kill.
The wight hits you from afar with a +3 spear.
Your life force feels restored.
Your Ranged Weapons skill increases to level 10!
5741 ||| READING 2 scrolls of teleportation.
As you read the scroll of teleportation, it crumbles to dust.
You feel strangely unstable.
The wight hits you from afar with a +3 spear!
You feel drained.
You die...

#.#.###.#....
##.#####.#####
#........)....
#.######.#####
###.#
#.##.#....
#...#
#..).#.##.
###.###
#.####.##.
#...#
#.####.##.
#@###
###......##.
#)#
#.......####
>.z
+.......'...
....#
#.......####
.....#
#.......#
......#
#.......#
.......#
#.......#
........#
#.......#
#.......#


You could see a wight.

Vanquished Creatures
  A hornet (D:5)
  Pargi (Sewer)
  4 black bears
  An ice beast (D:7)
  A phantom (D:5)
  2 kobold brigands (Sewer)
  A bullfrog (D:7)
  A gnoll sergeant (D:7)
  A scorpion (D:5)
  12 wights
  A jelly (D:6)
  A bombardier beetle (D:2)
  3 hounds
  An orc priest (D:5)
  Ijyb (D:3)
  A sleepcap (D:7)
  2 iguanas
  Terence (D:3)
  An orc wizard (D:5)
  5 gnolls (D:7)
  11 adders
  A shadow imp (D:7)
  2 white imps
  4 ufetubi
  A ribbon worm (D:2)
  6 dart slugs
  15 orcs
  5 endoplasms
  14 giant cockroaches
  9 goblins
  8 hobgoblins
  12 jackals
  9 kobolds
  8 quokkas
  6 ball pythons
  8 bats
  6 frilled lizards
  7 rats
174 creatures vanquished.

Notes
Turn   | Place    | Note
-------+----------+-------------------------------------------
     0 | D:1      | qw the Spriggan Hunter began the quest for the Orb.
     0 | D:1      | Reached XP level 1. HP: 10/10 MP: 2/2
     0 | D:1      | 0 ||| qw: Version: 0.3-a-160-g6735b56
     0 | D:1      | 0 ||| qw: Game counter: 5354
     0 | D:1      | 0 ||| qw: Melee chars always use a shield: true
     0 | D:1      | 0 ||| qw: God list: Okawaru
     0 | D:1      | 0 ||| qw: Allow faded altars: false
     0 | D:1      | 0 ||| qw: Do Orc after clearing Dungeon:15 true
     0 | D:1      | 0 ||| qw: Do second Lair branch before Depths: true
     0 | D:1      | 0 ||| qw: Lair rune preference: random
     0 | D:1      | 0 ||| qw: Goals: Normal
     0 | D:1      | 0 ||| PLANNING D:1-11
   135 | D:1      | Reached skill level 3 in Dodging
   256 | D:1      | You fall into a shaft and drop 1 floor!
   265 | D:2      | Reached XP level 2. HP: 14/14 MP: 3/3
   356 | D:2      | Found Diofei's Antique Weapon Shoppe.
   361 | D:2      | 361 ||| READING scroll labelled KUOXETOUFO.
   361 | D:2      | 361 ||| ENCHANTING +0 shortbow.
   362 | D:2      | 362 ||| READING scroll labelled KYMUXKIKKAWK.
   363 | D:2      | 363 ||| READING scroll labelled BUUT TIR WUZUI.
   363 | D:2      | 363 ||| IDENTIFYING emerald potion
   364 | D:2      | 364 ||| DROPPING scroll of butterflies.
   594 | D:1      | Reached XP level 3. HP: 18/18 MP: 4/4
   743 | D:1      | 743 ||| UPGRADING to +1 hat.
   748 | D:1      | 748 ||| READING scroll labelled MUIQOAKOVU.
   749 | D:1      | 749 ||| DRINKING 2 sedimented cyan potions.
   795 | D:2      | 795 ||| SHOPLISTING glowing orcbow (162 gold, have 101).
   912 | D:2      | Reached skill level 5 in Ranged Weapons
   912 | D:2      | Reached XP level 4. HP: 22/22 MP: 5/5
   973 | D:2      | Found a faded altar of an unknown god.
  1672 | D:2      | 1672 ||| READING scroll of identify.
  1672 | D:2      | 1672 ||| IDENTIFYING bubbling inky potion
  1673 | D:2      | 1673 ||| READING scroll labelled XOAN ZAETHAXKI.
  1673 | D:2      | 1673 ||| ENCHANTING +1 hat.
  1674 | D:2      | 1674 ||| DROPPING potion of degeneration.
  1725 | D:3      | 1725 ||| FLEEEEING.
  1726 | D:3      | 1726 ||| FLEEEEING.
  1727 | D:3      | 1727 ||| FLEEEEING.
  1728 | D:3      | 1728 ||| FLEEEEING.
  1729 | D:3      | 1729 ||| FLEEEEING.
  1730 | D:3      | 1730 ||| FLEEEEING.
  1731 | D:3      | 1731 ||| FLEEEEING.
  1732 | D:3      | 1732 ||| FLEEEEING.
  1758 | D:3      | Reached XP level 5. HP: 26/26 MP: 6/6
  1797 | D:3      | Noticed Ijyb
  1802 | D:3      | 1802 ||| DRINKING 2 potions of curing.
  1802 | D:3      | 1802 ||| (to cure confusion)
  1811 | D:3      | 1811 ||| DRINKING potion of curing.
  1811 | D:3      | 1811 ||| (to cure confusion)
  1813 | D:3      | Killed Ijyb
  2093 | D:3      | 2093 ||| READING scroll of enchant weapon.
  2093 | D:3      | 2093 ||| ENCHANTING +1 shortbow.
  2140 | D:3      | Noticed Terence
  2153 | D:3      | Killed Terence
  2313 | D:3      | Reached skill level 6 in Ranged Weapons
  2374 | D:3      | 2374 ||| READING scroll labelled OSEEPAIGRO.
  2379 | D:3      | 2379 ||| READING scroll labelled CEAZO RUKHEWI.
  2723 | D:4      | Found a staircase to the Ecumenical Temple.
  2724 | D:4      | 2724 ||| PLANNING TEMPLE
  2724 | D:4      | 2724 ||| READING scroll of identify.
  2724 | D:4      | 2724 ||| IDENTIFYING silvery potion
  2730 | Temple   | Found a transporter.
  2730 | Temple   | Found a transporter.
  2730 | Temple   | Found a transporter.
  2730 | Temple   | Found a transporter.
  2730 | Temple   | Entered the Ecumenical Temple
  2731 | Temple   | 2731 ||| PLANNING D:1-11
  2739 | Temple   | 2739 ||| PLANNING OKAWARU WORSHIP
  2745 | Temple   | Became a worshipper of Warmaster Okawaru
  2746 | Temple   | 2746 ||| PLANNING D:1-11
  3059 | D:5      | Entered Level 5 of the Dungeon
  3059 | D:5      | Noticed a black bear
  3060 | D:5      | 3060 ||| PLANNING SEWER
  3060 | D:5      | 3060 ||| ZAPPING wand of quicksilver (11) at 2,-3 (black
                  | bear; floor).
  3061 | D:5      | 3061 ||| ZAPPING wand of quicksilver (10) at 1,-2 (black
                  | bear; floor).
  3061 | D:5      | Killed a black bear
  3062 | D:5      | Reached skill level 6 in Dodging
  3062 | D:5      | Reached XP level 6. HP: 30/30 MP: 7/7
  3217 | D:5      | Noticed a hornet
  3218 | D:5      | 3218 ||| ZAPPING wand of quicksilver (9) at -1,7 (hornet;
                  | floor).
  3219 | D:5      | 3219 ||| ZAPPING wand of quicksilver (8) at -1,6 (hornet;
                  | floor).
  3220 | D:5      | 3220 ||| ZAPPING wand of quicksilver (7) at -1,4 (hornet;
                  | floor).
  3221 | D:5      | 3221 ||| ZAPPING wand of quicksilver (6) at -1,3 (hornet;
                  | floor).
  3222 | D:5      | 3222 ||| ZAPPING wand of quicksilver (5) at -1,1 (hornet;
                  | floor).
  3223 | D:5      | 3223 ||| ZAPPING wand of quicksilver (4) at -1,1 (hornet;
                  | floor).
  3224 | D:5      | 3224 ||| ZAPPING wand of quicksilver (3) at -1,1 (hornet;
                  | floor).
  3224 | D:5      | Paralysed by a hornet for 1 turns
  3225 | D:5      | 3225 ||| RETREEEEATING.
  3226 | D:5      | 3226 ||| ZAPPING wand of quicksilver (2) at -1,1 (hornet;
                  | floor).
  3226 | D:5      | Killed a hornet
  3226 | D:5      | Reached * piety under Okawaru
  3227 | D:5      | Reached skill level 7 in Ranged Weapons
  3227 | D:5      | Reached XP level 7. HP: 26/35 MP: 8/8
  3297 | D:5      | Reached skill level 1 in Invocations
  3357 | D:5      | 3357 ||| ZAPPING wand of quicksilver (1) at 0,-1 (black
                  | bear; floor).
  3655 | D:5      | Found a glowing drain.
  3656 | D:5      | 3656 ||| UPGRADING to +0 robe of willpower.
  3666 | D:5      | 3666 ||| DROPPING +0 robe.
  3669 | D:5      | 3669 ||| READING scroll labelled ONENUO GEITIK.
  3670 | D:5      | 3670 ||| DRINKING 2 yellow potions.
  3672 | D:5      | 3672 ||| DROPPING potion of brilliance.
  3680 | Sewer    | Entered a sewer
  3731 | Sewer    | Reached XP level 8. HP: 32/39 MP: 9/11
  3795 | Sewer    | Reached ** piety under Okawaru
  3796 | Sewer    | Reached skill level 8 in Ranged Weapons
  3796 | Sewer    | Reached skill level 3 in Invocations
  3829 | Sewer    | Noticed Pargi
  3849 | Sewer    | Killed Pargi
  3935 | Sewer    | 3935 ||| UPGRADING to +0 troll leather armour {Pargi}.
  3945 | Sewer    | 3945 ||| DROPPING +0 robe of willpower.
  3946 | Sewer    | 3946 ||| DRINKING 2 sapphire potions.
  3964 | D:5      | 3964 ||| PLANNING D:1-11
  4275 | D:6      | 4275 ||| PLANNING OSSUARY
  4310 | D:6      | 4310 ||| INVOKING Heroism.
  4311 | D:6      | 4311 ||| DRINKING potion of haste.
  4393 | D:6      | 4393 ||| RETREEEEATING.
  4394 | D:6      | 4394 ||| RETREEEEATING.
  4397 | D:6      | Reached skill level 3 in Fighting
  4399 | D:6      | 4399 ||| RETREEEEATING.
  4400 | D:6      | 4400 ||| RETREEEEATING.
  5050 | D:6      | 5050 ||| INVOKING Heroism.
  5052 | D:6      | Reached skill level 9 in Ranged Weapons
  5153 | D:6      | 5153 ||| RIP OSSUARY
  5153 | D:6      | 5153 ||| PLANNING D:1-11
  5203 | D:6      | Found a sand-covered staircase.
  5395 | D:7      | 5395 ||| RETREEEEATING.
  5400 | D:7      | 5400 ||| RETREEEEATING.
  5402 | D:7      | 5402 ||| RETREEEEATING.
  5403 | D:7      | 5403 ||| RETREEEEATING.
  5407 | D:7      | 5407 ||| RETREEEEATING.
  5408 | D:7      | 5408 ||| RETREEEEATING.
  5419 | D:7      | Reached skill level 9 in Dodging
  5422 | D:7      | Reached XP level 9. HP: 44/44 MP: 13/13
  5543 | D:7      | 5543 ||| RETREEEEATING.
  5544 | D:7      | 5544 ||| RETREEEEATING.
  5547 | D:7      | Reached *** piety under Okawaru
  5667 | D:7      | Found a stormy altar of Qazlal.
  5721 | D:7      | 5721 ||| RETREEEEATING.
  5740 | D:7      | HP: 7/43 [wight/+3 spear (6)]
  5741 | D:7      | Reached skill level 10 in Ranged Weapons
  5741 | D:7      | 5741 ||| READING 2 scrolls of teleportation.
  5741 | D:7      | HP: 2/44 [wight/+3 spear (7)]
  5741 | D:7      | Slain by a wight

Levels and vault maps discovered:
D:1:      ncdulo_wetmaze, layout_loops_ring,
          wander_ebering_terrifying_dragon_lair
D:2:      minmay_thinvault, layout_loops_ring, chequers_ecumenical_altar_island,
          serial_shops, shop
D:3:      layout_basic, uniq_ijyb, uniq_terence
D:4:      layout_rooms, minmay_temple_entry_butterflies,
          kennysheep_generic_room_15
D:5:      layout_loops_ring, gup_sewer_entry_pipe, hangedman_decor_points,
          grunt_ministairs_7, st_stairs_1, chequers_serial_rivers_micro_b
D:6:      layout_layer_cave, lightli_ossuary_entry_decrepit_ruins
D:7:      layout_basic, general_overflow_altar, kennysheep_generic_room_3
Temple:   hellmonk_temple_divided_pantheon

Skill      XL: |  1  2  3  4  5  6  7  8  9 |
---------------+----------------------------+-----
Dodging        | 3 4 5 6 7 9 |  9.1
Ranged Weapons | 5 6 7 9 10 | 10.0
Fighting       | 2 3 |  3.0
Invocations    | 2 4 |  4.0
Stealth        | |  1.5

Action                     |  1- 3 |  4- 6 |  7- 9 || total
---------------------------+-------+-------+-------++-------
   Fire: Shortbow          |    73 |   209 |   304 ||   586
 Invoke: Heroism           |       |       |     2 ||     2
  Evoke: Wand              |       |    10 |     1 ||    11
    Use: Scroll            |     4 |     6 |     2 ||    12
         Potion            |     1 |     2 |     3 ||     6
 Armour: Robe              |    11 |    25 |    21 ||    57
         Troll leather arm |       |       |    40 ||    40
  Dodge: Dodged            |    24 |    70 |   205 ||   299

Table legend:
 A = Non-vault XP
 B = Vault XP
 C = Vault XP percentage of total XP
 D = Non-vault monster count
 E = Vault monster count
 F = Vault count percentage of total count
                 A         B        C        D         E       F
            +---------+---------+-------+---------+---------+-------
      Total |    2845 |     621 |  17.9 |     130 |      44 |  25.3
            +---------+---------+-------+---------+---------+-------
        D:1 |      24 |       1 |   4.0 |      13 |       1 |   7.1
        D:2 |     110 |      32 |  22.5 |      22 |      19 |  46.3
        D:3 |      84 |      74 |  46.8 |      23 |       2 |   8.0
        D:4 |      29 |      13 |  31.0 |      15 |       1 |   6.2
        D:5 |     804 |     162 |  16.8 |      15 |      11 |  42.3
        D:6 |     787 |       0 |   0.0 |      16 |       0 |   0.0
        D:7 |    1007 |       0 |   0.0 |      26 |       0 |   0.0
      Sewer |       0 |     339 | 100.0 |       0 |      10 | 100.0
            +---------+---------+-------+---------+---------+-------
